 Dungeon Crawl Stone Soup version 0.16-a0-3943-gb4b81e6 (console) character file.

72 Fusha the Grave Robber (level 4, 0/33 HPs)
             Began as a Draconian Necromancer on Feb 8, 2015.
             Succumbed to Sigmund's poison
             ... on level 2 of the Dungeon.
             The game lasted 00:06:45 (2228 turns).

Fusha the Grave Robber (Draconian Necromancer)      Turns: 2228, Time: 00:06:46

Health: 0/33       AC:  5    Str:  9    XL:     4   Next: 7%
Magic:  8/8        EV: 17    Int: 16    God:
Gold:   98         SH:  0    Dex: 16    Spells: 3 memorised, 3 levels left

rFire  . . .     SeeInvis .     a - +0 whip
rCold  . . .     Clarity  .     (armour unavailable)
rNeg   . . .     SustAb   .     (no shield)
rPois  .         Gourm    .     (helmet restricted)
rElec  .         Spirit   .     (no cloak)
rCorr  .         Warding  .     (no gloves)
rMut   .         Stasis   .     (no boots)
MR     .....                    (no amulet)
Stlth  +++.......               (no ring)
                                q - +3 ring of slaying

@: agile, lethally poisoned (0 -> -3), very slightly contaminated, invisible,
not resistant to hostile enchantments, fairly stealthy
A: unfitting armour, big wings, breathe flames 1, weak 1, cold-blooded, AC +5
a: Fly, Breathe Fire


You were on level 2 of the Dungeon.
You were not hungry.

You visited 1 branch of the dungeon, and saw 3 of its levels.

You collected 98 gold pieces.

Inventory:

Hand weapons
 a - a +0 whip (weapon)
 p - a +0 hunting sling
Missiles
 d - 10 sling bullets of flame
 r - 23 stones (quivered)
Jewellery
 q - a +3 ring of slaying (left hand)
Scrolls
 f - a scroll of teleportation
 h - a scroll of fog {unknown}
 i - 2 scrolls of remove curse {unknown}
 l - a scroll of immolation {unknown}
 m - a scroll of enchant weapon {unknown}
 o - 2 scrolls of identify {unknown}
Books
 b - a book of Necromancy

   Spells                             Type                      Level
   a - Pain                           Necromancy                   1
   b - Animate Skeleton               Necromancy                   1
   c - Vampiric Draining              Necromancy                   3
   d - Regeneration                   Charms/Necromancy            3
   e - Animate Dead                   Necromancy                   4
   f - Control Undead                 Necromancy                   4
Comestibles
 c - 4 bread rations
 n - a meat ration


   Skills:
 + Level 2.0 Dodging
 + Level 2.1 Stealth
 + Level 2.7 Spellcasting
 + Level 4.9 Necromancy


You had 3 spell levels left.
You knew the following spells:

 Your Spells              Type           Power        Failure   Level  Hunger
a - Pain                  Necr           ###.         2%          1    #......
b - Animate Skeleton      Necr           N/A          2%          1    #......
c - Vampiric Draining     Necr           ###.......   10%         3    ###....


Dungeon Overview and Level Annotations

Branches:
Dungeon (3/15)

Altars:
Elyvilon

Annotations:
D:3 Natasha, Sigmund


Innate Abilities, Weirdness & Mutations

Your plain brown scales are hard (AC +5).
Your body does not fit into most forms of armour.
Your cold-blooded metabolism reacts poorly to cold.
Your wings are large and strong.
You can breathe flames.
You are weak. (Str -2)


Message History

You are very lightly contaminated with residual magic.
Drink which item? (? for menu, Esc to quit)
It was a potion of mutation.
You feel extremely strange.
Your wings grow larger and stronger.
You feel weaker.
Your throat feels hot.
* * * LOW HITPOINT WARNING * * *
You feel sick.
Use which ability? (? or * to list)
Okay, then.
Unknown command.
Drink which item? (? for menu, Esc to quit)
It was a potion of agility.
You feel agile all of a sudden.
* * * LOW HITPOINT WARNING * * *
You feel sick.
You aren't carrying any items that can be evoked.
* * * LOW HITPOINT WARNING * * *
You feel sick.
* * * LOW HITPOINT WARNING * * *
You feel sick.
You die...

### ### ##.###.### #......#..
##.###.#.# #.###.#.# ###........
#.....#.#.#
#######################........<.
..........>.....@................
##...........##########.......###
#...........# #######.......# #
#...........# #.............# #
#...........# #.............# #
#...........# #........#....# #
#...........####........#....###
#.......................>....'..
######........####.###.##....###


There were no monsters in sight!

Vanquished Creatures
  2 adders (D:2)
  2 worms
  3 giant geckos (D:2)
  A giant cockroach (D:2)
  7 goblins
  6 hobgoblins
  3 jackals (D:1)
  A quokka (D:2)
  8 bats
  2 giant newts
  5 kobolds
  4 rats
44 creatures vanquished.

Notes
Turn   | Place    | Note
--------------------------------------------------------------
     0 | D:1      | Fusha, the Draconian Necromancer, began the quest for the Orb.
     0 | D:1      | Reached XP level 1. HP: 14/14 MP: 3/3
   114 | D:1      | Reached XP level 2. HP: 10/20 MP: 0/4
   665 | D:1      | You fall through a shaft!
  1058 | D:2      | Found a white marble altar of Elyvilon.
  1089 | D:2      | Learned a level 1 spell: Animate Skeleton
  1357 | D:2      | Reached XP level 3. HP: 23/26 MP: 1/6
  1363 | D:2      | Learned a level 3 spell: Vampiric Draining
  2137 | D:3      | Reached XP level 4. HP: 29/33 MP: 4/8
  2164 | D:3      | Noticed Sigmund
  2203 | D:3      | Noticed Natasha
  2213 | D:3      | HP: 1/33 [Natasha/magic dart (2)]
  2219 | D:2      | Gained mutation: Your wings are large and strong. [potion of mutation]
  2219 | D:2      | Gained mutation: You are weak. (Str -2) [potion of mutation]
  2219 | D:2      | Gained mutation: You can breathe flames. [potion of mutation]
  2225 | D:2      | HP: 1/33 [poisoned by Sigmund]
  2228 | D:2      | Succumbed to Sigmund's poison

Action                   |  1- 3 |  4- 6 || total
-------------------------+-------+-------++-------
Melee: Whip              |    58 |       ||    58
Throw: Stone             |     2 |       ||     2
 Cast: Pain              |    55 |     3 ||    58
  Use: Potion            |       |     4 ||     4
       Scroll            |       |     1 ||     1
  Eat: Meat ration       |     1 |       ||     1
